Coyotes vs Flyers
Created - 10 mars 2013 at 21:05
Goals
|
| Coyotes |
2 |
1 |
1 |
4 |
| Flyers |
2 |
0 |
0 |
2 |
|
Shots
|
| Coyotes |
12 |
9 |
9 |
30 |
| Flyers |
22 |
9 |
1 |
32 |
|
1st period
1. Flyers , Ryan Malone 9 (Jeff O'Neill, Martin St. Louis) at 2:56
2. Flyers , Jeff O'Neill 15 (Martin St. Louis, Ryan Malone) at 5:50
3. Coyotes , Tim Connolly 17 (Marian Gaborik, Tom Poti) at 6:10
4. Coyotes , Tim Connolly 18 (Marian Gaborik, Brenden Morrow) at 8:36
Penalties :
No Penalty
2nd period
5. Coyotes , Sergei Samsonov 16 (Frans Nielsen, Mike Mottau) at 3:35
Penalties :
Scott Hannan (Phi) for Hooking (Minor) at 4:21, Andrei Kostitsyn (Phi) for Cross-checking (Minor) at 11:50, Tom Poti (Pho) for Roughing (Minor) at 11:50, Tom Poti (Pho) for Hooking (Minor) at 14:29
3rd period
6. Coyotes , Brenden Morrow 11 (Marian Gaborik, Tom Poti) at 12:33 (PP)
Penalties :
Sergei Samsonov (Pho) for Slashing (Minor) at 8:21, Martin Straka (Phi) for High sticking (Minor) at 10:56, Drew Miller (Pho) for Hooking (Minor) at 13:45, Marian Gaborik (Pho) for Holding (Minor) at 18:05
Goalie Stats
Ryan Miller (Pho), 30 saves from 32 shots - (0,938), W, 18-16-4, 60:00 minutes
Chris Mason (Phi), 26 saves from 30 shots - (0,867), L, 10-17-4, 60:00 minutes
Players Stats for Coyotes
Player Name G A P +/- PIM S H SB GA TA FO MP PP MP PK MP
------------------------------------------------------------------------------------
Bill Guerin 0 0 0 1 0 0 0 0 0 0 0/1 16:02 1:26 0:00
Brenden Morrow 1 1 2 0 0 1 0 0 2 0 1/1 20:24 2:06 2:07
Brian Pothier 0 0 0 -1 0 1 2 1 0 0 0/0 20:09 1:37 5:13
Chad Larose 0 0 0 0 0 3 1 0 0 0 5/5 15:37 0:04 4:24
Craig Adams 0 0 0 0 0 2 2 2 2 0 1/1 10:01 0:04 2:38
Denis Grebeshkov 0 0 0 2 0 1 3 6 1 0 0/0 23:58 1:59 0:00
Drew Miller 0 0 0 0 2 3 1 0 0 0 3/6 15:03 0:04 3:27
Frans Nielsen 0 1 1 1 0 2 4 0 0 0 4/9 17:02 1:26 2:00
Jiri Fischer 0 0 0 0 0 0 1 2 0 0 0/0 17:43 0:00 3:37
Marian Gaborik 0 3 3 0 2 6 5 1 2 2 0/0 18:39 2:06 0:00
Maxim Lapierre 0 0 0 0 0 1 0 0 0 1 2/5 10:01 0:00 0:06
Mike Mottau 0 1 1 0 0 0 0 3 0 0 0/0 16:53 0:00 3:38
Riley Cote 0 0 0 0 0 1 2 0 0 0 0/0 6:14 0:00 0:03
Sami Lepisto 0 0 0 -1 0 0 1 1 0 1 0/0 15:47 1:37 0:00
Sergei Samsonov 1 0 1 1 2 1 0 1 1 0 2/2 15:28 1:26 0:00
Tim Connolly 2 0 2 0 0 5 0 0 0 0 18/28 17:49 2:06 0:00
Todd Marchant 0 0 0 0 0 0 0 0 0 0 3/4 7:08 0:00 0:57
Tom Poti 0 2 2 2 4 3 1 0 2 1 0/0 26:07 1:59 3:14
Players Stats for Flyers
Player Name G A P +/- PIM S H SB GA TA FO MP PP MP PK MP
------------------------------------------------------------------------------------
Andrei Kostitsyn 0 0 0 -1 2 1 1 0 0 0 0/0 20:55 3:58 1:02
Brian Campbell 0 0 0 -3 0 2 0 1 2 3 0/0 26:14 5:01 0:00
Brooks Orpik 0 0 0 1 0 1 1 3 0 1 0/0 22:37 2:50 1:35
Ed Jovanovski 0 0 0 1 0 0 1 1 0 1 0/0 22:37 2:50 1:35
Eric Godard 0 0 0 0 0 0 3 0 0 0 0/0 6:50 0:06 0:27
Frantisek Kaberle 0 0 0 -3 0 1 1 2 0 2 0/0 27:25 5:01 1:11
Jeff O'Neill 1 1 2 1 0 5 1 0 0 1 7/24 20:07 3:33 2:07
Marc Savard 0 0 0 -1 0 4 1 1 0 1 11/24 21:26 4:12 0:31
Marcel Goc 0 0 0 0 0 2 0 0 0 0 1/2 6:09 0:06 0:00
Marcel Hossa 0 0 0 -1 0 1 2 0 1 0 0/1 12:02 0:20 0:15
Mark Bell 0 0 0 0 0 1 0 0 0 0 0/0 8:27 0:00 2:22
Martin St. Louis 0 2 2 1 0 3 4 1 0 0 1/2 18:27 3:33 0:00
Martin Straka 0 0 0 -1 2 2 1 0 0 0 3/7 12:17 0:00 0:58
Miroslav Satan 0 0 0 -1 0 1 0 0 0 0 0/0 10:37 0:00 0:00
Nolan Pratt 0 0 0 1 0 4 1 1 0 0 0/0 11:09 0:00 2:01
Ryan Malone 1 1 2 1 0 4 2 0 1 1 0/1 17:49 3:33 0:20
Scott Hannan 0 0 0 1 2 0 0 1 0 0 0/0 9:07 0:00 0:00
Shane Doan 0 0 0 -1 0 0 3 0 1 0 0/1 20:07 4:12 0:00
3 Stars
1 - Tim Connolly (Pho)
2 - Ryan Malone (Phi)
3 - Jeff O'Neill (Phi)
Power Play
Coyotes - 1 on 2 Attempt(s) - 50,00%
Flyers - 0 on 4 Attempt(s) - 0,00%
Penalty Kill
Coyotes - 4 on 4 Attempt(s) - 100,00%
- Score 0 goal in Penalty Kill
Flyers - 1 on 2 Attempt(s) - 50,00%
- Score 0 goal in Penalty Kill
Official
Referees : Joannette Marc and McCreary Bill
Linesman : Bryan Pancich and Lyle Seitz
Game Notes
No Game Note
Finance
Level 1 -- Attendance: 5156 (85,93%) -- Ticket Income 464 040 $
Level 2 -- Attendance: 4635 (92,70%) -- Ticket Income 254 925 $
Level 3 -- Attendance: 1986 (99,30%) -- Ticket Income 59 580 $
Level 4 -- Attendance: 3357 (83,93%) -- Ticket Income 67 140 $
Luxury Box -- Attendance: 902 (90,20%) -- Ticket Income 162 360 $
Game was played at the Spectrum
Total Attendance: 16036 (89,09%)
Total Ticket Income: 1 008 045 $
Total Income: 1 008 045 $
Coyotes
5 vs 5 Forward
Center Left Wing Right Wing Time % Phy DF OF
1 Tim Connolly Brenden Morrow Marian Gaborik 40 1 2 2
2 Frans Nielsen Sergei Samsonov Bill Guerin 30 1 2 2
3 Maxim Lapierre Drew Miller Chad Larose 20 1 2 2
4 Todd Marchant Riley Cote Craig Adams 10 1 2 2
5 vs 5 Defense
Defense Defense Time % Phy DF OF
1 Tom Poti Denis Grebeshkov 40 1 2 2
2 Sami Lepisto Brian Pothier 30 1 2 2
3 Jiri Fischer Mike Mottau 20 1 2 2
4 Tom Poti Denis Grebeshkov 10 1 2 2
PowerPlay Forward
Center Left Wing Right Wing Time % Phy DF OF
1 Tim Connolly Brenden Morrow Marian Gaborik 60 1 2 2
2 Frans Nielsen Sergei Samsonov Bill Guerin 40 1 2 2
PowerPlay Defense
Defense Defense Time % Phy DF OF
1 Tom Poti Denis Grebeshkov 60 1 2 2
2 Sami Lepisto Brian Pothier 40 1 2 2
Penalty Kill 4 Players Forward
Center Wing Time % Phy DF OF
1 Drew Miller Chad Larose 60 1 2 2
2 Todd Marchant Craig Adams 40 1 2 2
Penalty Kill 4 Players Defense
Defense Defense Time % Phy DF OF
1 Tom Poti Brian Pothier 60 1 2 2
2 Jiri Fischer Mike Mottau 40 1 2 2
Penalty Kill - 3 Players Forward
Forward Time % Phy DF OF
1 Chad Larose 60 1 2 2
2 Drew Miller 40 1 2 2
Penalty Kill - 3 Players Defense
Defense Defense Time % Phy DF OF
1 Tom Poti Brian Pothier 60 1 2 2
2 Jiri Fischer Mike Mottau 40 1 2 2
4 vs 4 Forward
Center Wing Time % Phy DF OF
1 Marian Gaborik Brenden Morrow 60 1 2 2
2 Tim Connolly Bill Guerin 40 1 2 2
4 vs 4 Defense
Defense Defense Time % Phy DF OF
1 Tom Poti Denis Grebeshkov 60 1 2 2
2 Sami Lepisto Brian Pothier 40 1 2 2
Last Minutes Offensive
Center Left Wing Right Wing Defense Defense
Tim Connolly Brenden Morrow Marian Gaborik Tom Poti Denis Grebeshkov
Last Minutes Defensive
Center Left Wing Right Wing Defense Defense
Tim Connolly Brenden Morrow Marian Gaborik Tom Poti Denis Grebeshkov
Goaltenders
Starting : Ryan Miller
Backup : Peter Budaj
Extra Forwards
Normal : Chad Larose, Drew Miller, Craig Adams - PP : Chad Larose, Drew Miller - PK : Craig Adams
Extra Defensemen
Normal : Sami Lepisto, Mike Mottau, Jiri Fischer - PP : Sami Lepisto - PK : Mike Mottau, Jiri Fischer
Penalty Shots
Marian Gaborik, Brenden Morrow, Tim Connolly, Bill Guerin, Sergei Samsonov
Flyers
5 vs 5 Forward
Center Left Wing Right Wing Time % Phy DF OF
1 Marc Savard Andrei Kostitsyn Shane Doan 40 0 2 2
2 Jeff O'Neill Ryan Malone Martin St. Louis 35 1 2 2
3 Martin Straka Marcel Hossa Miroslav Satan 20 1 2 2
4 Marcel Goc Mark Bell Eric Godard 5 1 2 2
5 vs 5 Defense
Defense Defense Time % Phy DF OF
1 Frantisek Kaberle Brian Campbell 40 1 2 2
2 Brooks Orpik Ed Jovanovski 40 1 2 2
3 Scott Hannan Nolan Pratt 10 1 2 2
4 Frantisek Kaberle Brian Campbell 10 1 2 2
PowerPlay Forward
Center Left Wing Right Wing Time % Phy DF OF
1 Marc Savard Andrei Kostitsyn Shane Doan 60 1 2 2
2 Jeff O'Neill Ryan Malone Martin St. Louis 40 1 2 2
PowerPlay Defense
Defense Defense Time % Phy DF OF
1 Frantisek Kaberle Brian Campbell 60 1 2 2
2 Brooks Orpik Ed Jovanovski 40 1 2 2
Penalty Kill 4 Players Forward
Center Wing Time % Phy DF OF
1 Martin Straka Mark Bell 60 1 2 2
2 Jeff O'Neill Ryan Malone 40 1 2 2
Penalty Kill 4 Players Defense
Defense Defense Time % Phy DF OF
1 Nolan Pratt Frantisek Kaberle 60 1 2 2
2 Brooks Orpik Ed Jovanovski 40 1 2 2
Penalty Kill - 3 Players Forward
Forward Time % Phy DF OF
1 Martin Straka 60 1 2 2
2 Jeff O'Neill 40 1 2 2
Penalty Kill - 3 Players Defense
Defense Defense Time % Phy DF OF
1 Nolan Pratt Frantisek Kaberle 60 1 2 2
2 Brooks Orpik Ed Jovanovski 40 1 2 2
4 vs 4 Forward
Center Wing Time % Phy DF OF
1 Marc Savard Martin St. Louis 60 1 2 2
2 Jeff O'Neill Shane Doan 40 1 2 2
4 vs 4 Defense
Defense Defense Time % Phy DF OF
1 Frantisek Kaberle Brian Campbell 60 1 2 2
2 Brooks Orpik Ed Jovanovski 40 1 2 2
Last Minutes Offensive
Center Left Wing Right Wing Defense Defense
Marc Savard Andrei Kostitsyn Shane Doan Frantisek Kaberle Brian Campbell
Last Minutes Defensive
Center Left Wing Right Wing Defense Defense
Martin Straka Ryan Malone Shane Doan Frantisek Kaberle Nolan Pratt
Goaltenders
Starting : Chris Mason
Backup : Ray Emery
Extra Forwards
Normal : Shane Doan, Martin Straka, Martin St. Louis - PP : Shane Doan, Martin St. Louis - PK : Jeff O'Neill
Extra Defensemen
Normal : Brian Campbell, Ed Jovanovski, Scott Hannan - PP : Brian Campbell - PK : Nolan Pratt, Brooks Orpik
Penalty Shots
Marc Savard, Andrei Kostitsyn, Martin St. Louis, Shane Doan, Jeff O'Neill
% Time on Ice - Coyotes
Lines # - Real PCT - Wanted PCT - Time Play
Normal Forward
1 - 35% - 40% - 16:11
2 - 31% - 30% - 14:29
3 - 21% - 20% - 9:43
4 - 13% - 10% - 6:11
Normal Defense
1 - 41% - 40% - 19:14
2 - 27% - 30% - 12:47
3 - 26% - 20% - 12:20
4 - 5% - 10% - 2:13
PP Forward
1 - 60% - 60% - 2:10
2 - 40% - 40% - 1:26
PP Defense
1 - 55% - 60% - 1:59
2 - 45% - 40% - 1:37
PK Forward
1 - 88% - 60% - 6:54
2 - 12% - 40% - 0:57
PK Defense
1 - 66% - 60% - 5:13
2 - 34% - 40% - 2:38
PK3 Forward
1 - 0% - 60%
2 - 0% - 40%
PK3 Defense
1 - 0% - 60%
2 - 0% - 40%
44 Forward
1 - 74% - 60% - 1:28
2 - 26% - 40% - 0:31
44 Defense
1 - 100% - 60% - 1:59
2 - 0% - 40% - 0:00
Last Minute Offensive - 0:00
Last Minute Defensive - 0:00
Total
Forward - 60:00
Defense - 60:00
|
% Time on Ice - Flyers
Lines # - Real PCT - Wanted PCT - Time Play
Normal Forward
1 - 34% - 40% - 15:48
2 - 30% - 35% - 14:07
3 - 23% - 20% - 10:37
4 - 13% - 5% - 6:02
Normal Defense
1 - 39% - 40% - 18:03
2 - 37% - 40% - 17:07
3 - 20% - 10% - 9:05
4 - 5% - 10% - 2:19
PP Forward
1 - 55% - 60% - 4:18
2 - 45% - 40% - 3:33
PP Defense
1 - 64% - 60% - 5:01
2 - 36% - 40% - 2:50
PK Forward
1 - 91% - 60% - 3:16
2 - 9% - 40% - 0:20
PK Defense
1 - 56% - 60% - 2:01
2 - 44% - 40% - 1:35
PK3 Forward
1 - 0% - 60%
2 - 0% - 40%
PK3 Defense
1 - 0% - 60%
2 - 0% - 40%
44 Forward
1 - 82% - 60% - 1:37
2 - 18% - 40% - 0:22
44 Defense
1 - 45% - 60% - 0:54
2 - 55% - 40% - 1:05
Last Minute Offensive - 0:00
Last Minute Defensive - 0:00
Total
Forward - 60:00
Defense - 60:00
|
Play by Play
1st period
0:01 of 1st period - Tim Connolly wins face-off versus Marc Savard in neutral zone.
0:37 of 1st period - Backhand shot by Frans Nielsen.
0:37 of 1st period - Shot Blocked by Brian Campbell.
0:39 of 1st period - Slapshot by Brian Pothier.
0:39 of 1st period - Shot Blocked by Frantisek Kaberle.
0:52 of 1st period - Off-side.
0:53 of 1st period - Chad Larose wins face-off versus Martin Straka in neutral zone.
1:04 of 1st period - Wrist shot by Martin Straka.
1:04 of 1st period - Shot Blocked by Jiri Fischer.
1:18 of 1st period - Shane Doan is hit by Riley Cote and loses puck.
1:41 of 1st period - Snap shot by Martin St. Louis.
1:41 of 1st period - Shot Blocked by Denis Grebeshkov.
1:43 of 1st period - Wrist shot by Martin St. Louis.
1:43 of 1st period - Shot Blocked by Denis Grebeshkov.
1:45 of 1st period - Slapshot by Brooks Orpik.
1:45 of 1st period - Stopped by Ryan Miller with a rebound.
2:14 of 1st period - Snap shot by Bill Guerin.
2:14 of 1st period - Deflect By Frans Nielsen.
2:14 of 1st period - Shot Misses the Net.
2:14 of 1st period - Puck is out of play.
2:15 of 1st period - Jeff O'Neill wins face-off versus Maxim Lapierre in Flyers zone.
2:54 of 1st period - Snap shot by Jeff O'Neill.
2:54 of 1st period - Stopped by Ryan Miller with a rebound.
2:56 of 1st period - Backhand shot by Ryan Malone.
2:56 of 1st period - Goal by Ryan Malone - Coyotes : 0 - Flyers : 1.
2:57 of 1st period - Frans Nielsen wins face-off versus Shane Doan in neutral zone.
3:43 of 1st period - Slapshot by Brian Campbell.
3:43 of 1st period - Shot Blocked by Mike Mottau.
3:47 of 1st period - Slapshot by Martin St. Louis.
3:47 of 1st period - Stopped by Ryan Miller with a rebound.
3:49 of 1st period - Backhand shot by Jeff O'Neill.
3:49 of 1st period - Stopped by Ryan Miller without a rebound.
3:50 of 1st period - Marc Savard wins face-off versus Frans Nielsen in Coyotes zone.
4:03 of 1st period - Wrist shot by Marc Savard.
4:03 of 1st period - Stopped by Ryan Miller with a rebound.
5:00 of 1st period - Off-side.
5:01 of 1st period - Todd Marchant wins face-off versus Jeff O'Neill in neutral zone.
5:06 of 1st period - Snap shot by Riley Cote.
5:06 of 1st period - Shot Misses the Net.
5:08 of 1st period - Slapshot by Tom Poti.
5:08 of 1st period - Stopped by Chris Mason without a rebound.
5:09 of 1st period - Marc Savard wins face-off versus Frans Nielsen in Flyers zone.
5:14 of 1st period - Wrist shot by Marc Savard.
5:14 of 1st period - Shot Misses the Net.
5:16 of 1st period - Slapshot by Brian Campbell.
5:16 of 1st period - Deflect By Marc Savard.
5:16 of 1st period - Stopped by Ryan Miller without a rebound.
5:17 of 1st period - Sergei Samsonov wins face-off versus Marc Savard in Coyotes zone.
5:42 of 1st period - Slapshot by Martin St. Louis.
5:42 of 1st period - Stopped by Ryan Miller without a rebound.
5:43 of 1st period - Tim Connolly wins face-off versus Jeff O'Neill in Coyotes zone.
5:50 of 1st period - Snap shot by Martin St. Louis.
5:50 of 1st period - Deflect By Jeff O'Neill.
5:50 of 1st period - Goal by Jeff O'Neill - Coyotes : 0 - Flyers : 2.
5:51 of 1st period - Marc Savard wins face-off versus Tim Connolly in neutral zone.
5:56 of 1st period - Snap shot by Marc Savard.
5:56 of 1st period - Stopped by Ryan Miller without a rebound.
5:57 of 1st period - Marc Savard wins face-off versus Tim Connolly in Coyotes zone.
6:10 of 1st period - Snap shot by Tim Connolly.
6:10 of 1st period - Goal by Tim Connolly - Coyotes : 1 - Flyers : 2.
6:11 of 1st period - Tim Connolly wins face-off versus Marc Savard in neutral zone.
6:41 of 1st period - Slapshot by Brian Campbell.
6:41 of 1st period - Stopped by Ryan Miller without a rebound.
6:42 of 1st period - Maxim Lapierre wins face-off versus Jeff O'Neill in Coyotes zone.
7:07 of 1st period - Frantisek Kaberle is hit by Frans Nielsen and loses puck.
7:34 of 1st period - Wrist shot by Marian Gaborik.
7:34 of 1st period - Stopped by Chris Mason without a rebound.
7:35 of 1st period - Tim Connolly wins face-off versus Ryan Malone in Flyers zone.
7:40 of 1st period - Wrist shot by Tim Connolly.
7:40 of 1st period - Stopped by Chris Mason without a rebound.
7:41 of 1st period - Tim Connolly wins face-off versus Jeff O'Neill in Flyers zone.
7:46 of 1st period - Wrist shot by Tim Connolly.
7:46 of 1st period - Stopped by Chris Mason without a rebound.
7:47 of 1st period - Sergei Samsonov wins face-off versus Marc Savard in Flyers zone.
8:00 of 1st period - Snap shot by Marc Savard.
8:00 of 1st period - Shot Blocked by Sergei Samsonov.
8:20 of 1st period - Snap shot by Martin St. Louis.
8:20 of 1st period - Stopped by Ryan Miller without a rebound.
8:21 of 1st period - Tim Connolly wins face-off versus Jeff O'Neill in Coyotes zone.
8:32 of 1st period - Snap shot by Tim Connolly.
8:32 of 1st period - Shot Misses the Net.
8:34 of 1st period - Snap shot by Marian Gaborik.
8:34 of 1st period - Stopped by Chris Mason with a rebound.
8:36 of 1st period - Snap shot by Tim Connolly.
8:36 of 1st period - Goal by Tim Connolly - Coyotes : 2 - Flyers : 2.
8:37 of 1st period - Martin Straka wins face-off versus Todd Marchant in neutral zone.
8:40 of 1st period - Craig Adams is hit by Marcel Hossa.
9:02 of 1st period - Brian Campbell is hit by Chad Larose and loses puck.
9:27 of 1st period - Slapshot by Mark Bell.
9:27 of 1st period - Deflect By Marcel Goc.
9:27 of 1st period - Stopped by Ryan Miller without a rebound.
9:28 of 1st period - Frans Nielsen wins face-off versus Marcel Goc in Coyotes zone.
9:35 of 1st period - Snap shot by Marcel Goc.
9:35 of 1st period - Shot Blocked by Denis Grebeshkov.
9:37 of 1st period - Slapshot by Nolan Pratt.
9:37 of 1st period - Stopped by Ryan Miller without a rebound.
9:38 of 1st period - Tim Connolly wins face-off versus Marc Savard in Coyotes zone.
9:53 of 1st period - Snap shot by Marian Gaborik.
9:53 of 1st period - Stopped by Chris Mason with a rebound.
10:34 of 1st period - Wrist shot by Marian Gaborik.
10:34 of 1st period - Shot Misses the Net.
10:42 of 1st period - Slapshot by Marc Savard.
10:42 of 1st period - Shot Blocked by Denis Grebeshkov.
10:44 of 1st period - Slapshot by Frantisek Kaberle.
10:44 of 1st period - Stopped by Ryan Miller with a rebound.
10:46 of 1st period - Slapshot by Brian Campbell.
10:46 of 1st period - Shot Blocked by Marian Gaborik.
10:50 of 1st period - Wrist shot by Andrei Kostitsyn.
10:50 of 1st period - Stopped by Ryan Miller without a rebound.
10:51 of 1st period - Frans Nielsen wins face-off versus Jeff O'Neill in Coyotes zone.
11:47 of 1st period - Wrist shot by Riley Cote.
11:47 of 1st period - Stopped by Chris Mason without a rebound.
11:48 of 1st period - Frans Nielsen wins face-off versus Jeff O'Neill in Flyers zone.
12:15 of 1st period - Martin Straka is hit by Brian Pothier and loses puck.
13:16 of 1st period - Snap shot by Jeff O'Neill.
13:16 of 1st period - Stopped by Ryan Miller with a rebound.
13:18 of 1st period - Slapshot by Brian Campbell.
13:18 of 1st period - Shot Misses the Net.
13:20 of 1st period - Wrist shot by Brian Campbell.
13:20 of 1st period - Deflect By Ryan Malone.
13:20 of 1st period - Stopped by Ryan Miller with a rebound.
13:22 of 1st period - Slapshot by Frantisek Kaberle.
13:22 of 1st period - Shot Misses the Net.
13:38 of 1st period - Slapshot by Tom Poti.
13:38 of 1st period - Shot Misses the Net.
13:52 of 1st period - Tom Poti is hit by Eric Godard and loses puck.
13:59 of 1st period - Snap shot by Marcel Goc.
13:59 of 1st period - Shot Blocked by Denis Grebeshkov.
14:01 of 1st period - Snap shot by Mark Bell.
14:01 of 1st period - Shot Blocked by Denis Grebeshkov.
14:03 of 1st period - Slapshot by Nolan Pratt.
14:03 of 1st period - Stopped by Ryan Miller without a rebound.
14:04 of 1st period - Tim Connolly wins face-off versus Jeff O'Neill in Coyotes zone.
15:00 of 1st period - Bill Guerin is hit by Ed Jovanovski and loses puck.
15:17 of 1st period - Wrist shot by Shane Doan.
15:17 of 1st period - Shot Blocked by Mike Mottau.
15:47 of 1st period - Mike Mottau is hit by Andrei Kostitsyn and loses puck.
15:54 of 1st period - Bill Guerin is hit by Shane Doan and loses puck.
16:31 of 1st period - Snap shot by Frans Nielsen.
16:31 of 1st period - Shot Blocked by Marc Savard.
16:41 of 1st period - Slapshot by Frans Nielsen.
16:41 of 1st period - Shot Misses the Net.
16:53 of 1st period - Snap shot by Marc Savard.
16:53 of 1st period - Stopped by Ryan Miller without a rebound.
16:54 of 1st period - Tim Connolly wins face-off versus Jeff O'Neill in Coyotes zone.
17:20 of 1st period - Drew Miller is hit by Marcel Hossa and loses puck.
17:25 of 1st period - Slapshot by Martin Straka.
17:25 of 1st period - Stopped by Ryan Miller without a rebound.
17:26 of 1st period - Todd Marchant wins face-off versus Martin Straka in Coyotes zone.
17:39 of 1st period - Snap shot by Miroslav Satan.
17:39 of 1st period - Shot Blocked by Craig Adams.
17:43 of 1st period - Snap shot by Martin Straka.
17:43 of 1st period - Shot Blocked by Sami Lepisto.
17:59 of 1st period - Marian Gaborik is hit by Martin St. Louis and loses puck.
18:24 of 1st period - Snap shot by Maxim Lapierre.
18:24 of 1st period - Stopped by Chris Mason with a rebound.
19:30 of 1st period - Icing by Martin Straka.
19:31 of 1st period - Chad Larose wins face-off versus Marcel Hossa in Flyers zone.
19:34 of 1st period - Backhand shot by Tom Poti.
19:34 of 1st period - Stopped by Chris Mason with a rebound.
19:36 of 1st period - Wrist shot by Drew Miller.
19:36 of 1st period - Stopped by Chris Mason without a rebound.
19:37 of 1st period - Tim Connolly wins face-off versus Jeff O'Neill in Flyers zone.
19:50 of 1st period - Snap shot by Ryan Malone.
19:50 of 1st period - Stopped by Ryan Miller without a rebound.
19:51 of 1st period - Tim Connolly wins face-off versus Jeff O'Neill in Coyotes zone.
2nd period
0:01 of 2nd period - Tim Connolly wins face-off versus Jeff O'Neill in neutral zone.
1:28 of 2nd period - Slapshot by Brian Campbell.
1:28 of 2nd period - Stopped by Ryan Miller with a rebound.
1:34 of 2nd period - Mike Mottau is hit by Frantisek Kaberle and loses puck.
1:41 of 2nd period - Martin St. Louis is hit by Marian Gaborik and loses puck.
3:12 of 2nd period - Shane Doan is hit by Sami Lepisto and loses puck.
3:35 of 2nd period - Wrist shot by Sergei Samsonov.
3:35 of 2nd period - Goal by Sergei Samsonov - Coyotes : 3 - Flyers : 2.
3:36 of 2nd period - Jeff O'Neill wins face-off versus Tim Connolly in neutral zone.
4:05 of 2nd period - Frans Nielsen is hit by Marc Savard and loses puck.
4:21 of 2nd period - Minor Penalty to Scott Hannan for Hooking.
4:22 of 2nd period - Tim Connolly wins face-off versus Martin Straka in Flyers zone.
4:25 of 2nd period - Snap shot by Marian Gaborik.
4:25 of 2nd period - Stopped by Chris Mason with a rebound.
5:17 of 2nd period - Snap shot by Ryan Malone.
5:17 of 2nd period - Shot Misses the Net.
6:21 of 2nd period - Penalty to Scott Hannan is over, Scott Hannan is back on ice.
6:23 of 2nd period - Slapshot by Nolan Pratt.
6:23 of 2nd period - Stopped by Ryan Miller without a rebound.
6:24 of 2nd period - Chad Larose wins face-off versus Marc Savard in Coyotes zone.
6:46 of 2nd period - Riley Cote is hit by Ryan Malone and loses puck.
7:03 of 2nd period - Wrist shot by Martin Straka.
7:03 of 2nd period - Stopped by Ryan Miller without a rebound.
7:04 of 2nd period - Maxim Lapierre wins face-off versus Martin Straka in Coyotes zone.
7:18 of 2nd period - Wrist shot by Marcel Hossa.
7:18 of 2nd period - Shot Misses the Net.
7:30 of 2nd period - Ed Jovanovski is hit by Denis Grebeshkov and loses puck.
7:53 of 2nd period - Wrist shot by Sergei Samsonov.
7:53 of 2nd period - Shot Blocked by Brooks Orpik.
8:19 of 2nd period - Frantisek Kaberle is hit by Jiri Fischer and loses puck.
8:32 of 2nd period - Chad Larose is hit by Martin Straka and loses puck.
8:52 of 2nd period - Backhand shot by Marian Gaborik.
8:52 of 2nd period - Shot Misses the Net.
8:54 of 2nd period - Snap shot by Tom Poti.
8:54 of 2nd period - Deflect By Marian Gaborik.
8:54 of 2nd period - Shot Blocked by Nolan Pratt.
8:54 of 2nd period - Puck is out of play.
8:55 of 2nd period - Marc Savard wins face-off versus Tim Connolly in Flyers zone.
9:20 of 2nd period - Jeff O'Neill is hit by Frans Nielsen and loses puck.
9:44 of 2nd period - Wrist shot by Marcel Goc.
9:44 of 2nd period - Stopped by Ryan Miller with a rebound.
11:00 of 2nd period - Snap shot by Craig Adams.
11:00 of 2nd period - Stopped by Chris Mason without a rebound.
11:01 of 2nd period - Tim Connolly wins face-off versus Martin St. Louis in Flyers zone.
11:02 of 2nd period - Wrist shot by Marian Gaborik.
11:02 of 2nd period - Deflect By Jeff O'Neill.
11:02 of 2nd period - Stopped by Chris Mason with a rebound.
11:07 of 2nd period - Off-side.
11:08 of 2nd period - Jeff O'Neill wins face-off versus Tim Connolly in neutral zone.
11:50 of 2nd period - Minor Penalty to Andrei Kostitsyn for Cross-checking.
11:50 of 2nd period - Minor Penalty to Tom Poti for Roughing.
11:51 of 2nd period - Brenden Morrow wins face-off versus Marc Savard in Coyotes zone.
12:16 of 2nd period - Frantisek Kaberle is hit by Marian Gaborik and loses puck.
12:44 of 2nd period - Denis Grebeshkov is hit by Shane Doan and loses puck.
12:55 of 2nd period - Marian Gaborik is hit by Martin St. Louis and loses puck.
13:17 of 2nd period - Snap shot by Drew Miller.
13:17 of 2nd period - Stopped by Chris Mason with a rebound.
13:27 of 2nd period - Craig Adams is hit by Martin St. Louis and loses puck.
13:50 of 2nd period - Penalty to Andrei Kostitsyn is over, Andrei Kostitsyn is back on ice.
13:50 of 2nd period - Penalty to Tom Poti is over, Tom Poti is back on ice.
14:14 of 2nd period - Snap shot by Tom Poti.
14:14 of 2nd period - Stopped by Chris Mason without a rebound.
14:15 of 2nd period - Marcel Goc wins face-off versus Frans Nielsen in Flyers zone.
14:24 of 2nd period - Snap shot by Mark Bell.
14:24 of 2nd period - Stopped by Ryan Miller with a rebound.
14:29 of 2nd period - Minor Penalty to Tom Poti for Hooking.
14:30 of 2nd period - Jeff O'Neill wins face-off versus Drew Miller in Coyotes zone.
14:44 of 2nd period - Slapshot by Ryan Malone.
14:44 of 2nd period - Stopped by Ryan Miller without a rebound.
14:45 of 2nd period - Drew Miller wins face-off versus Marc Savard in Coyotes zone.
14:56 of 2nd period - Backhand shot by Chad Larose.
14:56 of 2nd period - Deflect By Drew Miller.
14:56 of 2nd period - Shot Misses the Net.
14:56 of 2nd period - Puck is out of play.
14:57 of 2nd period - Chad Larose wins face-off versus Marc Savard in Flyers zone.
14:58 of 2nd period - Snap shot by Drew Miller.
14:58 of 2nd period - Deflect By Chad Larose.
14:58 of 2nd period - Stopped by Chris Mason with a rebound.
15:00 of 2nd period - Snap shot by Drew Miller.
15:00 of 2nd period - Stopped by Chris Mason without a rebound.
15:01 of 2nd period - Marc Savard wins face-off versus Drew Miller in Flyers zone.
15:40 of 2nd period - Snap shot by Frantisek Kaberle.
15:40 of 2nd period - Shot Blocked by Brian Pothier.
16:29 of 2nd period - Penalty to Tom Poti is over, Tom Poti is back on ice.
16:38 of 2nd period - Wrist shot by Marcel Hossa.
16:38 of 2nd period - Stopped by Ryan Miller with a rebound.
16:40 of 2nd period - Slapshot by Nolan Pratt.
16:40 of 2nd period - Stopped by Ryan Miller with a rebound.
16:42 of 2nd period - Wrist shot by Miroslav Satan.
16:42 of 2nd period - Stopped by Ryan Miller without a rebound.
16:43 of 2nd period - Martin Straka wins face-off versus Tim Connolly in Coyotes zone.
17:19 of 2nd period - Ryan Malone is hit by Marian Gaborik and loses puck.
17:24 of 2nd period - Snap shot by Marian Gaborik.
17:24 of 2nd period - Stopped by Chris Mason without a rebound.
17:25 of 2nd period - Marc Savard wins face-off versus Frans Nielsen in Flyers zone.
17:42 of 2nd period - Off-side.
17:43 of 2nd period - Chad Larose wins face-off versus Jeff O'Neill in neutral zone.
17:50 of 2nd period - Drew Miller is hit by Ryan Malone and loses puck.
19:02 of 2nd period - Snap shot by Mark Bell.
19:02 of 2nd period - Shot Blocked by Craig Adams.
3rd period
0:01 of 3rd period - Tim Connolly wins face-off versus Jeff O'Neill in neutral zone.
0:13 of 3rd period - Wrist shot by Marian Gaborik.
0:13 of 3rd period - Shot Misses the Net.
0:25 of 3rd period - Sergei Samsonov is hit by Brooks Orpik.
1:11 of 3rd period - Snap shot by Craig Adams.
1:11 of 3rd period - Stopped by Chris Mason without a rebound.
1:12 of 3rd period - Todd Marchant wins face-off versus Jeff O'Neill in Flyers zone.
2:03 of 3rd period - Snap shot by Sergei Samsonov.
2:03 of 3rd period - Shot Blocked by Scott Hannan.
2:05 of 3rd period - Slapshot by Frans Nielsen.
2:05 of 3rd period - Stopped by Chris Mason without a rebound.
2:06 of 3rd period - Martin St. Louis wins face-off versus Maxim Lapierre in Flyers zone.
3:22 of 3rd period - Jiri Fischer is hit by Jeff O'Neill and loses puck.
3:56 of 3rd period - Snap shot by Ed Jovanovski.
3:56 of 3rd period - Shot Misses the Net.
4:02 of 3rd period - Andrei Kostitsyn is hit by Brian Pothier and loses puck.
4:17 of 3rd period - Ed Jovanovski is hit by Riley Cote and loses puck.
4:47 of 3rd period - Wrist shot by Sergei Samsonov.
4:47 of 3rd period - Shot Blocked by Martin St. Louis.
4:49 of 3rd period - Slapshot by Brian Pothier.
4:49 of 3rd period - Stopped by Chris Mason without a rebound.
4:50 of 3rd period - Marc Savard wins face-off versus Tim Connolly in Flyers zone.
4:50 of 3rd period - Marc Savard is hit by Marian Gaborik.
5:16 of 3rd period - Martin St. Louis is hit by Tom Poti and loses puck.
5:25 of 3rd period - Denis Grebeshkov is hit by Nolan Pratt and loses puck.
5:32 of 3rd period - Nolan Pratt is hit by Frans Nielsen and loses puck.
6:58 of 3rd period - Snap shot by Chad Larose.
6:58 of 3rd period - Stopped by Chris Mason without a rebound.
6:59 of 3rd period - Martin Straka wins face-off versus Maxim Lapierre in Flyers zone.
6:59 of 3rd period - Martin Straka is hit by Drew Miller.
7:36 of 3rd period - Slapshot by Drew Miller.
7:36 of 3rd period - Shot Blocked by Ed Jovanovski.
7:38 of 3rd period - Snap shot by Brian Pothier.
7:38 of 3rd period - Shot Misses the Net.
7:40 of 3rd period - Snap shot by Chad Larose.
7:40 of 3rd period - Stopped by Chris Mason without a rebound.
7:41 of 3rd period - Tim Connolly wins face-off versus Marc Savard in Flyers zone.
7:48 of 3rd period - Snap shot by Marian Gaborik.
7:48 of 3rd period - Shot Blocked by Frantisek Kaberle.
8:15 of 3rd period - Wrist shot by Jeff O'Neill.
8:15 of 3rd period - Stopped by Ryan Miller without a rebound.
8:16 of 3rd period - Marc Savard wins face-off versus Frans Nielsen in Coyotes zone.
8:21 of 3rd period - Minor Penalty to Sergei Samsonov for Slashing.
8:22 of 3rd period - Marc Savard wins face-off versus Drew Miller in Coyotes zone.
8:50 of 3rd period - Icing by Ryan Malone.
8:51 of 3rd period - Drew Miller wins face-off versus Jeff O'Neill in Flyers zone.
9:04 of 3rd period - Slapshot by Brian Campbell.
9:04 of 3rd period - Shot Blocked by Jiri Fischer.
9:06 of 3rd period - Slapshot by Frantisek Kaberle.
9:06 of 3rd period - Shot Blocked by Mike Mottau.
9:08 of 3rd period - Slapshot by Brian Campbell.
9:08 of 3rd period - Shot Misses the Net.
10:21 of 3rd period - Penalty to Sergei Samsonov is over, Sergei Samsonov is back on ice.
10:26 of 3rd period - Jeff O'Neill is hit by Craig Adams and loses puck.
10:56 of 3rd period - Minor Penalty to Martin Straka for High sticking.
10:57 of 3rd period - Jeff O'Neill wins face-off versus Tim Connolly in Flyers zone.
11:10 of 3rd period - Wrist shot by Tim Connolly.
11:10 of 3rd period - Stopped by Chris Mason without a rebound.
11:11 of 3rd period - Jeff O'Neill wins face-off versus Tim Connolly in Flyers zone.
11:11 of 3rd period - Jeff O'Neill is hit by Marian Gaborik.
11:41 of 3rd period - Jeff O'Neill is hit by Frans Nielsen.
11:45 of 3rd period - Slapshot by Frans Nielsen.
11:45 of 3rd period - Stopped by Chris Mason without a rebound.
11:46 of 3rd period - Marc Savard wins face-off versus Tim Connolly in Flyers zone.
12:11 of 3rd period - Slapshot by Bill Guerin.
12:11 of 3rd period - Deflect By Brooks Orpik.
12:11 of 3rd period - Shot Blocked by Brooks Orpik.
12:11 of 3rd period - Puck is out of play.
12:12 of 3rd period - Jeff O'Neill wins face-off versus Bill Guerin in Flyers zone.
12:33 of 3rd period - Slapshot by Brenden Morrow.
12:33 of 3rd period - Goal by Brenden Morrow - Coyotes : 4 - Flyers : 2.
12:34 of 3rd period - Tim Connolly wins face-off versus Marc Savard in neutral zone.
12:37 of 3rd period - Shane Doan is hit by Denis Grebeshkov.
12:45 of 3rd period - Slapshot by Tom Poti.
12:45 of 3rd period - Shot Blocked by Brooks Orpik.
12:47 of 3rd period - Backhand shot by Denis Grebeshkov.
12:47 of 3rd period - Stopped by Chris Mason without a rebound.
12:48 of 3rd period - Tim Connolly wins face-off versus Jeff O'Neill in Flyers zone.
13:20 of 3rd period - Wrist shot by Tom Poti.
13:20 of 3rd period - Shot Misses the Net.
13:26 of 3rd period - Wrist shot by Bill Guerin.
13:26 of 3rd period - Shot Misses the Net.
13:45 of 3rd period - Minor Penalty to Drew Miller for Hooking.
13:46 of 3rd period - Craig Adams wins face-off versus Marc Savard in Coyotes zone.
14:15 of 3rd period - Mike Mottau is hit by Martin St. Louis.
15:45 of 3rd period - Penalty to Drew Miller is over, Drew Miller is back on ice.
16:10 of 3rd period - Frans Nielsen is hit by Eric Godard.
16:37 of 3rd period - Ed Jovanovski is hit by Denis Grebeshkov and loses puck.
16:58 of 3rd period - Brian Pothier is hit by Eric Godard.
18:05 of 3rd period - Minor Penalty to Marian Gaborik for Holding.
18:06 of 3rd period - Drew Miller wins face-off versus Marc Savard in Coyotes zone.
18:30 of 3rd period - Frantisek Kaberle is hit by Craig Adams and loses puck.
19:17 of 3rd period - Drew Miller is hit by Shane Doan and loses puck.
Output by the SimonT Hockey Simulator (STHS) for François Prévost -- Original Page W3C XHTML 1.0 Valid